 Dungeon Crawl Stone Soup version 0.21-a0-578-gc6e9d75 (webtiles) character file.

6 4thArraOfDagon the Firebug (level 1, -1/9 HPs)
             Began as a Vine Stalker Fire Elementalist on Dec 18, 2017.
             Slain by an orc
             ... wielding a +0 falchion
              (4 damage)
             ... on level 4 of the Dungeon.
             The game lasted 00:01:15 (181 turns).

4thArraOfDagon the Firebug (VSFE)                    Turns: 181, Time: 00:01:16

Health: -1/9       AC:  2    Str: 10    XL:     1   Next: 90%
Magic:  0/4        EV: 12    Int: 15    God:
Gold:   0          SH:  0    Dex: 14    Spells: 3/4 levels left

rFire    . . .     SeeInvis .   (no weapon)
rCold    . . .     Gourm    .   (no shield)
rNeg     . . .     Faith    .   a - +0 robe
rPois    .         Spirit   +   (no helmet)
rElec    .         Reflect  .   (no cloak)
rCorr    .         Harm     .   (no gloves)
MR       .....                  (no boots)
Stlth    ++........             (no amulet)
HPRegen  0.03/turn              (no ring)
MPRegen  0.09/turn              (no ring)

@: no status effects
A: fangs 2, magic shield, antimagic bite, no potion heal 3, rot immunity
a: no special abilities


You were on level 4 of the Dungeon.
You were not hungry.

You visited 1 branch of the dungeon, and saw 4 of its levels.

Inventory:

Armour
 a - a +0 robe (worn)
Scrolls
 e - a scroll of remove curse {unknown}
 f - a scroll of amnesia {unknown}
Potions
 d - a potion of might {unknown}
Books
 b - a book of Flames

   Spells                             Type                      Level
   a - Flame Tongue                   Conjuration/Fire             1
   b - Throw Flame                    Conjuration/Fire             2
   c - Conjure Flame                  Conjuration/Fire             3
   d - Inner Flame                    Hexes/Fire                   3
   e - Sticky Flame                   Conjuration/Fire             4
   f - Fireball                       Conjuration/Fire             5
Comestibles
 c - 4 rations


   Skills:
 - Level 1.5 Dodging
 - Level 2.4 Stealth
 + Level 2.3 Spellcasting
 * Level 1.3 Conjurations
 * Level 3.1 Fire Magic


You had 3 spell levels left.
You knew the following spells:

 Your Spells              Type           Power        Failure   Level  Hunger
a - Flame Tongue          Conj/Fire      #....        9%          1    #......


Dungeon Overview and Level Annotations

Branches:
Dungeon (4/15)             Temple (0/1) D:4

Altars:
Uskayaw


Innate Abilities, Weirdness & Mutations

You have extremely sharp teeth.
When hurt, damage is shared between your health and your magic reserves.
Your bite disrupts and absorbs the magic of your enemies.
Potions cannot restore your health.
You are immune to rotting.


Message History

The orc hits you with a falchion.
Found a scroll labeled USCHUJ TOTHRAEXE.
Found a staircase to the Ecumenical Temple.
Unknown command.
A worker ant comes into view.
Found 11 gold pieces and a bubbling golden potion.
Unknown command.
An ogre comes into view. It is wielding a giant club.
Casting: Flame Tongue
Confirm with . or Enter, or press ? or * to list all spells.
Aiming: Flame Tongue
Press: ? - help, Shift-Dir - straight line, f - orc
Aim: an orc, wielding a falchion and wearing a leather armour The flame tongue misses the orc.
The flame tongue hits the giant cockroach.
You kill the giant cockroach!
The ogre shouts!
The orc is engulfed in a cloud of scalding steam.
The orc hits you with a falchion.
You die...

....# .##.##
.#...######
..._......# ####
##...#....# ...#
##.##...w##### .⌠.#
#...........###^..####
#....................#
#......?...#.o@.>..⌠..
#.####...###........$.
......?..##
####...###.
..#######... .⌠.# ..
...## .!.# # .####
..... ## ..... ....aO


You could see an ogre, a worm, a worker ant (wandering) and an orc.

Vanquished Creatures
  A giant cockroach (D:4)
  A goblin (D:2)
  2 hobgoblins
  A frilled lizard (D:4)
5 creatures vanquished.

Notes
Turn   | Place    | Note
-------+----------+-------------------------------------------
     0 | D:1      | 4thArraOfDagon the Vine Stalker Fire Elementalist began the quest for the Orb.
     0 | D:1      | Reached XP level 1. HP: 9/9 MP: 4/4
   124 | D:4      | Noticed a scorpion
   135 | D:4      | Noticed a scorpion
   147 | D:4      | Found a hide-covered altar of Uskayaw.
   177 | D:4      | Found a staircase to the Ecumenical Temple.
   178 | D:4      | Noticed a worker ant
   180 | D:4      | Noticed an ogre
   181 | D:4      | Slain by an orc

Vault maps used:
D:1:      grunt_arrival_lava_bath, minmay_octomino_j4
D:2:      lemuel_coloured_pillars_altar, overflow_temple_1_default,
          first_ration, uniq_terence
D:3:      zin_academy, overflow_temple_1_default, cheibrodos_sewer_entry_bend
D:4:      nicolae_overflow_crystal_walls, minmay_temple_entry_junction

Action                   || total
-------------------------++-------
Melee: Unarmed           ||     5
       Bite              ||     1
 Cast: Flame Tongue      ||     7
 Stab: Sleeping          ||     1
Armor: Robe              ||     2
Dodge: Dodged            ||     3

Table legend:
 A = Spawn XP
 B = Non-spawn XP
 C = Spawn XP percentage of total XP
 D = Spawn monster count
 E = Non-spawn monster count
 F = Spawn count percentage of total count
 G = Total turns spent on level
                    A         B        C        D         E        F      G
               +---------+---------+-------+---------+---------+-------+---------
         Total |       0 |       9 |   0.0 |       0 |       5 |   0.0 |   181
               +---------+---------+-------+---------+---------+-------+---------
           D:1 |       0 |       2 |   0.0 |       0 |       1 |   0.0 |    40
           D:2 |       0 |       4 |   0.0 |       0 |       2 |   0.0 |    77
           D:4 |       0 |       3 |   0.0 |       0 |       2 |   0.0 |    59
               +---------+---------+-------+---------+---------+-------+---------
